 Dungeon Crawl Stone Soup version 0.30-a0-457-g4b7bca3bfa (webtiles) character file.

Game seed: 6100731757440141005

22 M4edhros the Sneak (level 2, -5/21 HPs)
             Began as an Octopode Delver on Dec 13, 2022.
             Slain by a gnoll
             ... wielding a +0 whip
             ... led by a gnoll bouda
              (9 damage)
             ... on level 6 of the Dungeon.
             The game lasted 00:02:00 (188 turns).

M4edhros the Sneak (Octopode Delver)                 Turns: 188, Time: 00:02:00

Health: -5/21      AC:  1    Str: 11    XL:     2   Next: 91%
Magic:  2/2        EV: 13    Int: 18    God:
Gold:   64         SH:  0    Dex: 13    Spells: 1/1 levels left

rFire   + . .      SeeInvis .      - Unarmed
rCold   . . .      Faith    .    (no shield)
rNeg    . . .      Spirit   .    (helmet restricted)
rPois   .          Reflect  .    (no amulet)
rElec   .          Harm     .    f - +6 ring of intelligence
rCorr   .          Rampage  .    h - ring of fire
Will    .....                    i - ring of protection from cold
Stlth   ++++......               (no ring)
HPRegen 0.23/turn                (no ring)
MPRegen 0.08/turn                (no ring)
                                 (no ring)
                                 (no ring)

@: hasted, very quick
A: almost no armour, amphibious, 8 rings, camouflage 1, gelatinous body 1,
(nimble swimmer 1), tentacles
a: no special abilities


You were on level 6 of the Dungeon.
You visited 1 branch of the dungeon, and saw 2 of its levels.

You collected 64 gold pieces.

Inventory:

Jewellery
 f - a +6 ring of intelligence (left tentacle)
 h - a ring of fire (right tentacle)
 i - a ring of protection from cold (on tentacle)
Wands
 e - a wand of digging (3)
Scrolls
 a - a scroll of fog
 b - a scroll of magic mapping
 c - a scroll of fear
 g - a scroll of identify {unknown}


   Skills:
 - Level 3.0 Fighting
 * Level 2.9 Dodging
 + Level 7.0 Stealth
 - Level 2.0 Unarmed Combat


You had one spell level left.
You didn't know any spells.
Your spell library contained the following spells:

 Spells                   Type           Power      Damage    Failure   Level
 Blink                    Tloc           0%         N/A       32%         2
 Manifold Assault         Tloc           0%         N/A       91%         4
 Storm Form               Tmut/Air       0%         N/A       100%        7


Dungeon Overview and Level Annotations

Branches:
Dungeon (6/15)
 Temple: D:4-7

Altars:
The Shining One

Annotations:
D:5 Blork the orc


Innate Abilities, Weirdness & Mutations

You cannot wear most types of armour.
You are amphibious.
You can wear up to eight rings at the same time.
Your skin changes colour to match your surroundings (Stealth+).
Your rubbery body absorbs attacks. (AC +1, EV +1)
((You are camouflaged when in or above water. (Stealth+)))
You have tentacles for arms and can constrict up to eight enemies at once.


Message History

You destroy the kobold skeleton!
Your Stealth skill increases to level 7!
The helpless orc skeleton fails to defend itself.
You tentacle-slap the orc skeleton. You grab the orc skeleton.
You squeeze the orc skeleton.
You destroy the orc skeleton!
Found a short sword.
Found 15 gold pieces and a runed jade ring.
Found 11 gold pieces.
You see here a +0 short sword.
A gnoll comes into view. It is wielding a +0 flail.
i - a ring of protection from cold
i - a ring of protection from cold (on tentacle)
A gnoll comes into view. It is wielding a +0 whip.
A gnoll bouda, 2 gnolls and an orc come into view.
The orc is wielding a +1 short sword of venom.
Found a leather armour.
You see here 11 gold pieces.
You now have 64 gold pieces (gained 11).
The gnoll shouts!
The orc shouts!
The gnoll shouts! x2
The gnoll bouda shouts!
You hear a bark!
The gnoll bouda barks out a call to the hunt!
The gnolls pick up the pace!
Okay, then.
You feel yourself speed up.
A necrophage comes into view.
You closely miss the gnoll. You grab the gnoll. You constrict the gnoll.
The gnoll hits you with a +0 flail.
You tentacle-slap the gnoll.
The gnoll is lightly wounded.
You constrict the gnoll. The gnoll hits you with a +0 flail!
* * * LOW HITPOINT WARNING * * *
You tentacle-slap the gnoll.
The gnoll is moderately wounded.
You constrict the gnoll.
You release your grip on the gnoll.
The gnoll attacks as you move away! The gnoll closely misses you.
The gnoll attacks as you move away! The gnoll closely misses you.
The gnoll attacks as you move away! The gnoll hits you with a +0 whip!
You die...

.......g.# .8o....8.#
.....gg..# .8...g.8.#
.........## [..8.8g...#
# .....n...# .#
#.#o#+###.# #...gg@.$#
.# #.# +....g...#
#.#.#.#.#.#........#
.#.#...............#
#.#...........)....#
.#....####..###....#
#.#...##.#+.###..#.#
.#.#..##.....##....#
#.#...........#..#......


You could see 3 gnolls and an orc.

Vanquished Creatures
  2 shadow imps
  2 goblin skeletons (D:6)
  A goblin zombie (D:6)
  A hobgoblin zombie (D:6)
  A kobold skeleton (D:6)
  A kobold zombie (D:6)
  2 orc skeletons (D:6)
  An orc zombie (D:6)
11 creatures vanquished.

Notes
Turn   | Place    | Note
-------+----------+-------------------------------------------
     0 | D:5      | M4edhros the Octopode Delver began the quest for the Orb.
     0 | D:5      | Reached XP level 1. HP: 16/16 MP: 1/1
    40 | D:5      | Noticed Blork the orc
    54 | D:5      | Reached XP level 2. HP: 13/21 MP: 2/2
   123 | D:6      | Found a glowing golden altar of the Shining One.
   157 | D:6      | Reached skill level 7 in Stealth
   182 | D:6      | Noticed a necrophage
   188 | D:6      | Slain by a gnoll

Illustrated notes

Levels and vault maps discovered:
D:5:      layout_cave_pools, mainiacjoe_overflow_divided_tiny, serial_shops,
          shop, uniq_blork_the_orc
D:6:      layout_basic, nicolae_tso_besieged_by_evil, nicolae_uskayaw_dance_hall

Skill      XL: |  1  2 |
---------------+-------+-----
Stealth        | 7 |  7.0
Fighting       | |  3.0
Dodging        | |  2.9
Unarmed Combat | |  2.0

Action                   || total
-------------------------++-------
Melee: Unarmed           ||    33
       Constrict         ||    12
       Tentacles         ||     6
       Punch             ||     2
  Use: Potion            ||     1
 Stab: Sleeping          ||     2
Armor: Skin              ||     3
Dodge: Dodged            ||    12

Table legend: (Time is in decaauts)
 A = Elapsed time spent in this place.
 B = Non-inter-level travel time spent in this place.
 C = Inter-level travel time spent in this place.
 D = Time resting spent in this place.
 E = Time spent auto-exploring this place.
 F = Levels seen in this place.
 G = Mean time per level.
                   A        B        C        D        E       F      G
               +--------+--------+--------+--------+--------+-----+--------+
         Total |    183 |    183 |      0 |      0 |     30 |   2 |   91.5 |
       Dungeon |    183 |    183 |      0 |      0 |     30 |   2 |   91.5 |
               +--------+--------+--------+--------+--------+-----+--------+

Top non-repeatable levels by time:
     D:6: 121 daAuts
     D:5: 61 daAuts
